 Dungeon Crawl Stone Soup version 0.25.1-9-gc5326a611f (webtiles) character file.

Game seed: 16052782451391718016

24 Clowwww the Skirmisher (level 2, 24/24 HPs)
             Began as a Demonspawn Abyssal Knight on Dec 29, 2020.
             Was a Follower of Lugonu.
             Quit the game on level 1 of the Dungeon.
             The game lasted 00:01:55 (933 turns).

Clowwww the Skirmisher (Demonspawn Abyssal Knight)   Turns: 933, Time: 00:01:55

Health: 24/24      AC:  7    Str: 12    XL:     2   Next: 79%
Magic:  3/3        EV: 11    Int: 13    God:    Lugonu [*.....]
Gold:   54         SH:  0    Dex: 12    Spells: 1/1 levels left

rFire    . . .     SeeInvis .   a - +1 hand axe
rCold    . . .     Gourm    .   (no shield)
rNeg     . . .     Faith    .   b - +0 leather armour
rPois    .         Spirit   .   (helmet restricted)
rElec    .         Reflect  .   (no cloak)
rCorr    .         Harm     .   (no gloves)
MR       .....                  (no boots)
Stlth    +.........             (no amulet)
HPRegen  0.08/turn              f - +4 ring of protection
MPRegen  0.08/turn              (no ring)

@: no status effects
A: horns 1
a: Depart the Abyss, Renounce Religion


You were on level 1 of the Dungeon.
You worshipped Lugonu.
Lugonu was aware of your devotion.
You were not hungry.

You visited 1 branch of the dungeon, and saw 1 of its levels.
You visited the Abyss 1 time.

You collected 54 gold pieces.

Inventory:

Hand Weapons
 a - a +1 hand axe (weapon)
Missiles
 k - 2 boomerangs (quivered)
Armour
 b - a +0 leather armour (worn)
Jewellery
 f - a +4 ring of protection (left hand)
Scrolls
 d - a scroll of teleportation {unknown}
 g - a scroll of magic mapping {unknown}
 h - 2 scrolls of blinking {unknown}
 i - a scroll of remove curse {unknown}
 l - 2 scrolls of identify {unknown}
Potions
 e - a potion of heal wounds {unknown}
 j - a potion of curing {unknown}
Comestibles
 c - 4 rations


   Skills:
 + Level 3.4 Fighting
 + Level 2.1 Axes
 + Level 2.2 Armour
 + Level 1.1 Dodging
 + Level 0.1 Stealth
 + Level 2.4 Invocations


You had one spell level left.
You didn't know any spells.
Your spell library was empty.

Dungeon Overview and Level Annotations

Branches:
Dungeon (1/15)

Altars:


Innate Abilities, Weirdness & Mutations

You have a pair of small horns on your head.


Message History

Your Dodging skill increases to level 1!
All of the chunks of flesh in your inventory have rotted away.
Found a stone staircase leading down.
i - a scroll labeled NYPLAF NUNGENK
There is a stone staircase leading down here.
Found a stone staircase leading down.
A rat comes into view.
Throwing (i - inventory)
k - 3 boomerangs (quivered)
Press: ? - help, Shift-Dir - straight line, f - rat
Aim: a rat You throw a boomerang.
The boomerang hits the rat.
You kill the rat!
Lugonu accepts your kill.
You see here a hand axe.
Found a stone staircase leading down.
There is a stone staircase leading down here.
You now have 54 gold pieces (gained 3).
Done exploring.
Done exploring.
Are you sure you want to abandon this character and quit the game? (Confirm with "yes".)

#############
###########...........######
.)..........###............######
.รท#########.#
#.#####.####....... #.#### #.#
#.# #.# #######. .....# #.# #.#
#.# #. #.##.# #.# #.# #.# #.
...#.## #.###.## #.####### #.
##....# #.##..@# #.......# #.
#(############### #..####.# #.
####.............#####.# #.# #.
.......#######.......### #.####.
....###.......###......## #.##...
.###.............###....# #.##.##
#......#######......#...###.##.#
..(..### ###.....#...##.##.#
....## ##....#(.....##.#


There were no monsters in sight!

Vanquished Creatures
  3 dart slugs (D:1)
  4 bats (D:1)
  2 giant cockroaches (D:1)
  3 hobgoblins (D:1)
  2 frilled lizards (D:1)
  3 kobolds (D:1)
  A rat (D:1)
18 creatures vanquished.

Notes
Turn   | Place    | Note
-------+----------+-------------------------------------------
     0 | Abyss:1  | Clowwww the Demonspawn Abyssal Knight began the quest for
                  | the Orb.
     0 | Abyss:1  | Reached XP level 1. HP: 18/18 MP: 2/2
    30 | Abyss:1  | Noticed an orange demon
    87 | Abyss:3  | Noticed a large abomination
    91 | D:1      | Escaped the Abyss
   152 | D:1      | Reached * piety under Lugonu
   327 | D:1      | Gained mutation: You have a pair of small horns on your
                  | head. [demonic ancestry]
   327 | D:1      | Reached XP level 2. HP: 24/24 MP: 3/3
   643 | D:1      | Reached skill level 1 in Dodging
   933 | D:1      | Quit the game

Illustrated notes

Levels and vault maps discovered:
D:1:      dpeg_arrival_oval, layout_loops_ring, minmay_pentomino_w2

Skill      XL: |  1  2 |
---------------+-------+-----
Armour         | 2 |  2.2
Axes           | 2 |  2.1
Dodging        | 1 |  1.1
Fighting       | |  3.4
Stealth        | |  0.1
Invocations    | |  2.4

Action                   || total
-------------------------++-------
Melee: Hand axe          ||    41
       Headbutt          ||     2
Throw: Boomerang         ||    10
Invok: Depart the Abyss  ||     1
Armor: Leather armour    ||    28
Dodge: Dodged            ||    34
